| TOP OF THE 1ST |
|
Omaha Storm Chasers batting - Pitching for Indianapolis Indians : RHP Andrew Muhlstock
|
|
Pitching: RHP Andrew Muhlstock
|
|
|
Batting: RHB Jay Schellin
|
0-0: Foul Ball, location: 2F 0-1: Foul Ball, location: 2F 0-2: Ball 1-2: Ball 2-2: Strikes out swinging
|
|
Batting: SHB Rafael Landestoy
|
0-0: Ball 1-0: SINGLE (Line Drive, 9S, EV 113.8 MPH)
|
|
Batting: RHB Don Money
|
0-0: Ball Rafael Landestoy is caught stealing 2nd base 2-4 1-0: Foul Ball, location: 2F 1-1: Swinging Strike 1-2: Foul Ball, location: 2F 1-2: Ground out U3 (Groundball, 3, EV 81.9 MPH)
|
| Top of the 1st over - 0 runs, 1 hit, 0 errors, 0 left on base; Omaha 0 - Indianapolis 0 |
| BOTTOM OF THE 1ST |
|
Indianapolis Indians batting - Pitching for Omaha Storm Chasers : LHP Brad Havens
|
|
Pitching: LHP Brad Havens
|
|
|
Batting: SHB Julio Estrada
|
0-0: Ball 1-0: Ball 2-0: Called Strike 2-1: Foul Ball, location: 2F 2-2: Ball 3-2: Fly out, F9 (Flyball, 89D, EV 96.9 MPH)
|
|
Batting: RHB Steven Campbell
|
0-0: Ball 1-0: Called Strike 1-1: Fly out, F8 (Flyball, 89M, EV 90.0 MPH)
|
|
Batting: LHB Scott Radloff
|
0-0: Ball 1-0: Called Strike 1-1: Called Strike 1-2: Ball 2-2: Foul Ball, location: 2F 2-2: Ground out 4-3 (Groundball, 4, EV 77.5 MPH)
|
| Bottom of the 1st over - 0 runs, 0 hits, 0 errors, 0 left on base; Omaha 0 - Indianapolis 0 |
| TOP OF THE 2ND |
|
Omaha Storm Chasers batting - Pitching for Indianapolis Indians : RHP Andrew Muhlstock
|
|
Batting: LHB Mike LaValliere
|
0-0: Swinging Strike 0-1: Foul Ball, location: 2F 0-2: Strikes out swinging
|
|
Batting: RHB Eddie Gates
|
0-0: Ground out 5-3 (Groundball, 25, EV 83.1 MPH)
|
|
Batting: LHB Donald Elliott
|
0-0: Ball 1-0: Called Strike 1-1: Called Strike 1-2: Ball 2-2: Foul Ball, location: 2F 2-2: Strikes out swinging
|
| Top of the 2nd over - 0 runs, 0 hits, 0 errors, 0 left on base; Omaha 0 - Indianapolis 0 |
| BOTTOM OF THE 2ND |
|
Indianapolis Indians batting - Pitching for Omaha Storm Chasers : LHP Brad Havens
|
|
Batting: RHB Luis Gonzalez
|
0-0: Ball 1-0: Ball 2-0: Swinging Strike 2-1: Ball 3-1: Base on Balls
|
|
Batting: RHB Pat Rooney
|
0-0: Called Strike 0-1: Foul Ball, location: 2F 0-2: Ball 1-2: Foul Ball, location: 2F 1-2: Foul Ball, location: 2F 1-2: Strikes out swinging
|
|
Batting: RHB Bill Lindsey
|
0-0: Called Strike 0-1: Ball 1-1: Foul Ball, location: 2F 1-2: Foul Ball, location: 2F 1-2: SINGLE (Line Drive, 7S, EV 91.3 MPH) Luis Gonzalez to second
|
|
Batting: LHB Roberto Ruiz
|
0-0: Ball 1-0: Foul Ball, location: 2F 1-1: Ball 2-1: Ball 3-1: Called Strike 3-2: Foul Ball, location: 2F 3-2: Fly out, F9 (Flyball, 9LS, EV 95.6 MPH)
|
|
Batting: RHB Juan Bernhardt
|
0-0: Fielders Choice at 2nd, 5-4 (Groundball, 56, EV 98.8 MPH)
|
| Bottom of the 2nd over - 0 runs, 1 hit, 0 errors, 2 left on base; Omaha 0 - Indianapolis 0 |
| TOP OF THE 3RD |
|
Omaha Storm Chasers batting - Pitching for Indianapolis Indians : RHP Andrew Muhlstock
|
|
Batting: SHB Larry Bowa
|
0-0: Ball 1-0: Called Strike 1-1: Ball 2-1: Ball 3-1: Swinging Strike 3-2: Fly out, F7 (Line Drive, 7, EV 94.4 MPH)
|
|
Batting: RHB Mike Allport
|
0-0: Ball 1-0: DOUBLE (Flyball, 89D, EV 94.4 MPH)
|
|
Batting: RHB Odie Davis
|
0-0: Ball 1-0: Ball 2-0: Fly out, F6 (Flyball, 6D, EV 81.9 MPH)
|
|
Batting: RHB Jay Schellin
|
0-0: Ball 1-0: Foul Ball, location: 2F 1-1: Called Strike 1-2: Ball 2-2: SINGLE (Groundball, 6MD, EV 103.1 MPH) Mike Allport to third Runner from 3rd tries for Home, throw by CF and OUT! 8-2
|
| Top of the 3rd over - 0 runs, 2 hits, 0 errors, 1 left on base; Omaha 0 - Indianapolis 0 |
| BOTTOM OF THE 3RD |
|
Indianapolis Indians batting - Pitching for Omaha Storm Chasers : LHP Brad Havens
|
|
Batting: LHB David Bertulli
|
0-0: Ball 1-0: Ball 2-0: Swinging Strike 2-1: Ball 3-1: Base on Balls
|
|
Batting: SHB Julio Estrada
|
0-0: Ball 1-0: Ball 2-0: Ball 3-0: Called Strike 3-1: Fly out, F7 (Flyball, 7LM, EV 100.0 MPH)
|
|
Batting: RHB Steven Campbell
|
0-0: Called Strike 0-1: Ball 1-1: Swinging Strike 1-2: Strikes out swinging
|
|
Batting: LHB Scott Radloff
|
0-0: Ball 1-0: Ball 2-0: Ball 3-0: Called Strike 3-1: Base on Balls David Bertulli to second
|
|
Batting: RHB Luis Gonzalez
|
0-0: Ground out 5-3 (Groundball, 56S, EV 61.9 MPH)
|
| Bottom of the 3rd over - 0 runs, 0 hits, 0 errors, 2 left on base; Omaha 0 - Indianapolis 0 |
| TOP OF THE 4TH |
|
Omaha Storm Chasers batting - Pitching for Indianapolis Indians : RHP Andrew Muhlstock
|
|
Batting: SHB Rafael Landestoy
|
0-0: Swinging Strike 0-1: SINGLE (Flyball, 78S, EV 84.4 MPH)
|
|
Batting: RHB Don Money
|
0-0: Ball 1-0: Foul Ball, location: 2F 1-1: Ball 2-1: SINGLE (Flyball, 78S, EV 91.3 MPH) Rafael Landestoy to second
|
|
Batting: LHB Mike LaValliere
|
0-0: Ball 1-0: Ball 2-0: Called Strike 2-1: DOUBLE (Flyball, 89XD, EV 108.8 MPH) Rafael Landestoy scores Don Money to third
|
|
Batting: RHB Eddie Gates
|
0-0: Called Strike 0-1: Ball 1-1: Ball 2-1: Ball 3-1: Fly out, F8 (Flyball, 8RS, EV 85.6 MPH)
|
|
Batting: LHB Donald Elliott
|
0-0: Ball 1-0: Ball 2-0: Ball 3-0: Called Strike 3-1: SINGLE (Groundball, 34D, EV 96.3 MPH) Don Money scores Mike LaValliere to third Runner from 3rd tries for Home, SAFE, throw by RF to home
|
|
Batting: SHB Larry Bowa
|
0-0: Called Strike 0-1: Fly out, F9 (Flyball, 9, EV 86.9 MPH)
|
|
Batting: RHB Mike Allport
|
0-0: Ball 1-0: Ball 2-0: Called Strike 2-1: Foul Ball, location: 2F 2-2: Ground out 4-3 (Groundball, 4, EV 85.0 MPH)
|
| Top of the 4th over - 3 runs, 4 hits, 0 errors, 1 left on base; Omaha 3 - Indianapolis 0 |
| BOTTOM OF THE 4TH |
|
Indianapolis Indians batting - Pitching for Omaha Storm Chasers : LHP Brad Havens
|
|
Batting: RHB Pat Rooney
|
0-0: Ball 1-0: Called Strike 1-1: Called Strike 1-2: Strikes out looking
|
|
Batting: RHB Bill Lindsey
|
0-0: Fly out, F6 (Line Drive, 6, EV 68.1 MPH)
|
|
Batting: LHB Roberto Ruiz
|
0-0: Foul Ball, location: 2F 0-1: Ground out 5-3 (Groundball, 5L, EV 85.0 MPH)
|
| Bottom of the 4th over - 0 runs, 0 hits, 0 errors, 0 left on base; Omaha 3 - Indianapolis 0 |
| TOP OF THE 5TH |
|
Omaha Storm Chasers batting - Pitching for Indianapolis Indians : RHP Andrew Muhlstock
|
|
Batting: RHB Odie Davis
|
0-0: SINGLE (Line Drive, 7S, EV 96.3 MPH)
|
|
Batting: RHB Jay Schellin
|
0-0: Ball 1-0: Bunt missed! 1-1: Bunt missed! 1-2: Foul Ball, location: 2F 1-2: SINGLE (Popup, 5D, EV 34.4 MPH) Odie Davis to second
|
|
Batting: SHB Rafael Landestoy
|
0-0: Fly out, F7 (Line Drive, 7, EV 92.5 MPH)
|
|
Batting: RHB Don Money
|
0-0: Foul Ball, location: 2F 0-1: Ball 1-1: Fly out, F3 (Popup, 3F, EV 69.4 MPH)
|
|
Batting: LHB Mike LaValliere
|
0-0: Ball 1-0: Called Strike 1-1: Ball 2-1: Fly out, F7 (Flyball, 7, EV 84.4 MPH)
|
| Top of the 5th over - 0 runs, 2 hits, 0 errors, 2 left on base; Omaha 3 - Indianapolis 0 |
| BOTTOM OF THE 5TH |
|
Indianapolis Indians batting - Pitching for Omaha Storm Chasers : LHP Brad Havens
|
|
Batting: RHB Juan Bernhardt
|
0-0: Foul Ball, location: 2F 0-1: Ball 1-1: Fly out, F7 (Line Drive, 7D, EV 88.8 MPH)
|
|
Batting: LHB David Bertulli
|
0-0: Called Strike 0-1: Ball 1-1: Foul Ball, location: 2F 1-2: Ball 2-2: SINGLE (Groundball, 34D, EV 103.1 MPH)
|
|
Batting: SHB Julio Estrada
|
0-0: Called Strike 0-1: Foul Ball, location: 2F 0-2: Ball 1-2: Fly out, F4 (Line Drive, 4, EV 66.9 MPH)
|
|
Batting: RHB Steven Campbell
|
0-0: Called Strike 0-1: Foul Ball, location: 2F 0-2: Ball 1-2: Ball 2-2: Ground out U3 (Groundball, 34, EV 83.8 MPH)
|
| Bottom of the 5th over - 0 runs, 1 hit, 0 errors, 1 left on base; Omaha 3 - Indianapolis 0 |
| TOP OF THE 6TH |
|
Omaha Storm Chasers batting - Pitching for Indianapolis Indians : RHP Andrew Muhlstock
|
|
Batting: RHB Eddie Gates
|
0-0: Called Strike 0-1: Foul Ball, location: 2F 0-2: Ball 1-2: Strikes out swinging
|
|
Batting: LHB Donald Elliott
|
0-0: Ground out U3 (Groundball, 3, EV 85.6 MPH)
|
|
Batting: SHB Larry Bowa
|
0-0: Ground out 4-3 (Groundball, 4, EV 103.8 MPH)
|
| Top of the 6th over - 0 runs, 0 hits, 0 errors, 0 left on base; Omaha 3 - Indianapolis 0 |
| BOTTOM OF THE 6TH |
|
Indianapolis Indians batting - Pitching for Omaha Storm Chasers : LHP Brad Havens
|
|
Batting: LHB Scott Radloff
|
0-0: Called Strike 0-1: Ball 1-1: Ball 2-1: Foul Ball, location: 2F 2-2: Ground out 6-3 (Groundball, 6, EV 110.6 MPH)
|
|
Batting: RHB Luis Gonzalez
|
0-0: Ball 1-0: Ball 2-0: Ball 3-0: Called Strike 3-1: Foul Ball, location: 2F 3-2: Foul Ball, location: 2F 3-2: Foul Ball, location: 2F 3-2: Foul Ball, location: 2F 3-2: Ground out 3-1 (Groundball, 34, EV 101.9 MPH)
|
|
Batting: RHB Pat Rooney
|
0-0: Ball 1-0: Foul Ball, location: 2F 1-1: Foul Ball, location: 2F 1-2: Strikes out swinging
|
| Bottom of the 6th over - 0 runs, 0 hits, 0 errors, 0 left on base; Omaha 3 - Indianapolis 0 |
| TOP OF THE 7TH |
|
Omaha Storm Chasers batting - Pitching for Indianapolis Indians : RHP Andrew Muhlstock
|
|
Batting: RHB Mike Allport
|
0-0: Ball 1-0: Called Strike 1-1: Ball 2-1: Called Strike 2-2: Fly out, F9 (Flyball, 89D, EV 85.6 MPH)
|
|
Batting: RHB Odie Davis
|
0-0: Foul Ball, location: 2F 0-1: Ball 1-1: Ground out 4-3 (Groundball, 4, EV 80.0 MPH)
|
|
Batting: RHB Jay Schellin
|
0-0: Ball 1-0: Foul Ball, location: 2F 1-1: Ball 2-1: Foul Ball, location: 2F 2-2: SINGLE (Flyball, 56D, EV 89.4 MPH)
|
|
Batting: SHB Rafael Landestoy
|
0-0: Fly out, F9 (Flyball, 9LM, EV 109.4 MPH)
|
| Top of the 7th over - 0 runs, 1 hit, 0 errors, 1 left on base; Omaha 3 - Indianapolis 0 |
| BOTTOM OF THE 7TH |
|
Indianapolis Indians batting - Pitching for Omaha Storm Chasers : LHP Brad Havens
|
|
Batting: RHB Bill Lindsey
|
0-0: Called Strike 0-1: Ball 1-1: Called Strike 1-2: Strikes out swinging
|
|
Batting: LHB Roberto Ruiz
|
0-0: Called Strike 0-1: Ground out 6-3 (Groundball, 6, EV 84.4 MPH)
|
|
Batting: RHB Juan Bernhardt
|
0-0: Ball 1-0: Fly out, F8 (Line Drive, 8LM, EV 88.8 MPH)
|
| Bottom of the 7th over - 0 runs, 0 hits, 0 errors, 0 left on base; Omaha 3 - Indianapolis 0 |
| TOP OF THE 8TH |
|
Omaha Storm Chasers batting - Pitching for Indianapolis Indians : RHP Andrew Muhlstock
|
|
Batting: RHB Don Money
|
0-0: Foul Ball, location: 2F 0-1: Swinging Strike 0-2: Ball 1-2: Ball 2-2: Ground out 5-3 (Groundball, 56, EV 84.4 MPH)
|
|
Batting: LHB Mike LaValliere
|
0-0: Ball 1-0: Ground out 5-3 (Groundball, 5, EV 81.9 MPH)
|
|
Batting: RHB Eddie Gates
|
0-0: Ball 1-0: Ball 2-0: Fly out, F9 (Flyball, 89S, EV 82.5 MPH)
|
| Top of the 8th over - 0 runs, 0 hits, 0 errors, 0 left on base; Omaha 3 - Indianapolis 0 |
| BOTTOM OF THE 8TH |
|
Indianapolis Indians batting - Pitching for Omaha Storm Chasers : LHP Brad Havens
|
|
Batting: LHB David Bertulli
|
0-0: Called Strike 0-1: Ground out 4-3 (Groundball, 4, EV 78.8 MPH)
|
|
Batting: SHB Julio Estrada
|
0-0: Ball 1-0: Ball 2-0: Called Strike 2-1: Foul Ball, location: 2F 2-2: Ball 3-2: Fly out, F9 (Flyball, 9LM, EV 97.5 MPH)
|
|
Batting: RHB Steven Campbell
|
0-0: Ground out U3 (Groundball, 3L, EV 100.0 MPH)
|
| Bottom of the 8th over - 0 runs, 0 hits, 0 errors, 0 left on base; Omaha 3 - Indianapolis 0 |
| TOP OF THE 9TH |
|
Omaha Storm Chasers batting - Pitching for Indianapolis Indians : RHP Andrew Muhlstock
|
|
Batting: LHB Donald Elliott
|
0-0: Ball 1-0: Foul Ball, location: 2F 1-1: Ground out 4-3 (Groundball, 4, EV 78.8 MPH)
|
|
Batting: SHB Larry Bowa
|
0-0: Ball 1-0: Called Strike 1-1: Ball 2-1: SINGLE (Line Drive, 6MD, EV 103.1 MPH)
|
|
Batting: RHB Mike Allport
|
0-0: Called Strike 0-1: Grounds into double play, 5-4-3 (Groundball, 56, EV 86.9 MPH)
|
| Top of the 9th over - 0 runs, 1 hit, 0 errors, 0 left on base; Omaha 3 - Indianapolis 0 |
| BOTTOM OF THE 9TH |
|
Indianapolis Indians batting - Pitching for Omaha Storm Chasers : LHP Brad Havens
|
|
Batting: LHB Scott Radloff
|
0-0: Foul Ball, location: 2F 0-1: Ball 1-1: Called Strike 1-2: Ground out U3 (Groundball, 23, EV 82.5 MPH)
|
|
Batting: RHB Luis Gonzalez
|
0-0: Ball 1-0: Ball 2-0: Ball 3-0: Base on Balls
|
|
Batting: RHB Pat Rooney
|
0-0: Called Strike 0-1: Called Strike 0-2: Ball 1-2: Ball Passed Ball! Luis Gonzalez to second 2-2: Ball 3-2: Fly out, F8 (Flyball, 8LD, EV 102.5 MPH)
|
|
Batting: RHB Bill Lindsey
|
0-0: Called Strike 0-1: Ball 1-1: Ball 2-1: SINGLE (Line Drive, 56D, EV 98.8 MPH) Luis Gonzalez to third
|
|
Pinch Hitting: RHB Robert Bonnette
|
0-0: Called Strike 0-1: Swinging Strike 0-2: Foul Ball, location: 2F 0-2: Ball 1-2: Ball 2-2: Ball 3-2: Base on Balls Bill Lindsey to second
|
|
Batting: RHB Juan Bernhardt
|
0-0: Fly out, F8 (Line Drive, 8LD, EV 85.6 MPH)
|
| Bottom of the 9th over - 0 runs, 1 hit, 0 errors, 3 left on base; Omaha 3 - Indianapolis 0 |
|